 Dungeon Crawl Stone Soup version 0.27-a0-249-g74f53ef629 (webtiles) character file.

Game seed: 3545105910115706784

2 DunceCap the Caller (level 1, 0/10 HPs)
             Began as a Tengu Summoner on Feb 4, 2021.
             Slain by a hobgoblin (5 damage)
             ... on level 1 of the Dungeon.
             The game lasted 00:00:52 (53 turns).

DunceCap the Caller (Tengu Summoner)                  Turns: 53, Time: 00:00:53

Health: 0/10       AC:  2    Str:  8    XL:     1   Next: 30%
Magic:  2/4        EV: 12    Int: 15    God:
Gold:   12         SH:  0    Dex: 14    Spells: 3/4 levels left

rFire    . . .     SeeInvis .   (no weapon)
rCold    . . .     Faith    .   (no shield)
rNeg     . . .     Spirit   .   a - +0 robe
rPois    .         Reflect  .   (helmet restricted)
rElec    .         Harm     .   (no cloak)
rCorr    .         Rampage  .   (no gloves)
Will     .....                  (boots unavailable)
Stlth    ++........             (no amulet)
HPRegen  0.03/turn              (no ring)
MPRegen  0.09/turn              (no ring)

@: no status effects
A: beak, talons 3
a: no special abilities


You were on level 1 of the Dungeon.
You visited 1 branch of the dungeon, and saw 1 of its levels.

You collected 12 gold pieces.

Inventory:

Armour
 a - a +0 robe (worn)


   Skills:
 + Level 0.1 Fighting
 - Level 2.1 Dodging
 - Level 2.0 Stealth
 * Level 2.0 Spellcasting
 * Level 4.9 Summonings


You had 3 spell levels left.
You knew the following spells:

 Your Spells              Type           Power        Failure   Level
a - Summon Small Mammal   Summ           64%          3%          1

Your spell library contained the following spells:

 Spells                   Type           Power        Failure   Level
 Call Imp                 Summ           16%          4%          2
 Call Canine Familiar     Summ           16%          9%          3
 Summon Guardian Golem    Hex/Summ       8%           24%         3
 Summon Ice Beast         Ice/Summ       8%           63%         4
 Summon Lightning Spire   Summ/Air       8%           63%         4


Dungeon Overview and Level Annotations

Branches:
Dungeon (1/15)

Altars:


Innate Abilities, Weirdness & Mutations

You have a beak for a mouth.
You have claws for feet.


Message History

Your bat misses the jackal.
Your quokka bites the jackal.
The jackal dies!
Your bat hits the hobgoblin. The hobgoblin hits your bat.
Your bat hits the hobgoblin but does no damage.
The hobgoblin closely misses your bat.
Your quokka disappears in a puff of smoke!
Your bat hits the hobgoblin but does no damage.
You closely miss the hobgoblin. Your kick misses the hobgoblin.
The hobgoblin is lightly wounded.
Your bat hits the hobgoblin but does no damage.
The hobgoblin misses you.
You barely miss the hobgoblin. Your peck misses the hobgoblin.
The hobgoblin is lightly wounded.
Your bat closely misses the hobgoblin.
The hobgoblin hits you.
Casting: Summon Small Mammal (safe; 3% risk of failure)
Confirm with . or Enter, or press ? or * to list all spells.
Your bat misses the hobgoblin. The hobgoblin hits you.
Your bat closely misses the hobgoblin.
The hobgoblin hits you.
Ouch! That really hurt!
You die...

##.......#.......
#......#....... .
.
####..............
.. #...#.#.#.#.#
... #.#.#######
...$ #..b# #
.....##.##.##.##
.....rgb........
...#.##@##.##.##
.. #.......# .$.
#.>...### ..
#.###.# . #.# #
#.# ... ###


You could see a hobgoblin, a rat and 2 friendly bats.

Vanquished Creatures (collateral kills)
  3 jackals (D:1)
3 creatures vanquished.

Notes
Turn   | Place    | Note
-------+----------+-------------------------------------------
     0 | D:1      | DunceCap the Tengu Summoner began the quest for the Orb.
     0 | D:1      | Reached XP level 1. HP: 10/10 MP: 4/4
    53 | D:1      | Slain by a hobgoblin

Illustrated notes

Levels and vault maps discovered:
D:1:      co_arrival_square_in_a_square_in_a_square, layout_loops_cross

Action                   || total
-------------------------++-------
Melee: Unarmed           ||     6
 Cast: Summon Small Mamm ||     4
Armor: Robe              ||     2
Dodge: Dodged            ||     6

Table legend: (Time is in decaauts)
 A = Elapsed time spent in this place.
 B = Non-inter-level travel time spent in this place.
 C = Inter-level travel time spent in this place.
 D = Time resting spent in this place.
 E = Time spent auto-exploring this place.
 F = Levels seen in this place.
 G = Mean time per level.
                   A        B        C        D        E       F      G
               +--------+--------+--------+--------+--------+-----+--------+
         Total |     53 |     53 |      0 |      0 |     19 |   1 |   53.0 |
       Dungeon |     53 |     53 |      0 |      0 |     19 |   1 |   53.0 |
               +--------+--------+--------+--------+--------+-----+--------+

Top non-repeatable levels by time:
     D:1: 53 daAuts
